 Dungeon Crawl Stone Soup version 0.30-b1-2-g02819fbbbe (webtiles) character file.

Game seed: 6768881263767304596

24453 MackTheKnife the Cleaver (level 12, -8/166 HPs)
             Began as an Armataur Berserker on May 7, 2023.
             Was a High Priest of Trog.
             Mangled by a harpy simulacrum (14 damage)
             ... in an ice cave.
             The game lasted 00:18:08 (14080 turns).

MackTheKnife the Cleaver (Armataur Berserker)      Turns: 14080, Time: 00:18:08

Health: -8/166     AC: 25    Str: 31    XL:     12   Next: 80%
Magic:  12/12      EV:  4    Int: 14    God:    Trog [*****.]
Gold:   807        SH:  0    Dex: 14    Spells: 11/11 levels left

rFire   . . .        S - +10 eveningstar "Naituset" {heavy, rN+ Will+ Str+2 Int+3, macerare=g}
rCold   . . .        (no shield)
rNeg    + . .        R - +0 crystal plate armour {rare=g}
rPois   +            u - +0 helmet {Int+3}
rElec   .            N - +0 cloak {rPois}
rCorr   .            Q - +1 pair of gloves
SInv    .            (no barding)
Will    +....        (no amulet) Stlth
                     w - +6 ring of strength
HPRegen 0.47/turn    I - +4 ring of protection
MPRegen 0.13/turn

%: roll
@: berserking, very quick
A: large, rugged brown scales 3, deformed body, armoured tail, roll, long
tongue, awkward tongue
a: Renounce Religion, Berserk, Trog's Hand, Brothers in Arms


You were in an ice cave.
You worshipped Trog.
Trog was extremely pleased with you.
You visited 2 branches of the dungeon, and saw 13 of its levels.
You also visited: Sewer and Ice Cave.

You collected 840 gold pieces.
You spent 33 gold pieces at shops.


Innate Abilities, Weirdness & Mutations

You are completely covered in rugged brown scales. (AC +3, +7% HP)
Armour fits poorly on your strangely shaped body.
You have a long armoured tail.
You roll when moving toward enemies. (Rampage)
Your long tongue fully drains potion bottles. (2x potion effects)
Your tongue gives you trouble enunciating. (1.5x scroll delay)


   Skills:
 - Level 9.1 Fighting
 - Level 12.7(13.8) Axes
 + Level 9.7(13.0) Maces & Flails
 - Level 10.1 Armour
 - Level 1.3 Dodging


You had 11 spell levels left.
You didn't know any spells.
Your spell library contained the following spells:

 Spells                   Type           Power      Damage    Failure   Level
 Beastly Appendage        Tmut           0%         N/A       100%        1
 Slow                     Hex            0%         N/A       100%        1
 Ensorcelled Hibernation  Hex/Ice        0%         N/A       100%        2
 Passwall                 Tmut/Erth      0%         N/A       100%        2
 Wereblood                Tmut           0%         N/A       100%        2
 Confusing Touch          Hex            0%         N/A       100%        3
 Spider Form              Tmut/Pois      0%         N/A       100%        3
 Stone Arrow              Conj/Erth      0%         3d7       100%        3
 Swiftness                Air            0%         N/A       100%        3
 Tukima's Dance           Hex            0%         N/A       100%        3
 Vampiric Draining        Necr           0%         2d6       100%        3
 Animate Armour           Summ/Erth      0%         N/A       100%        4
 Passage of Golubria      Tloc           0%         N/A       100%        4
 Blade Hands              Tmut           0%         N/A       100%        5
 Yara's Violent Unravell  Hex/Tmut       0%         3d3       100%        5
 Iron Shot                Conj/Erth      0%         9d1       100%        6
 Lehudib's Crystal Spear  Conj/Erth      0%         10d2      100%        8

Inventory:

Hand Weapons
 H - a +0 broad axe {axe}
   (You found it on level 6 of the Dungeon)
 S - the +10 eveningstar "Naituset" (weapon) {heavy, rN+ Will+ Str+2 Int+3, macerare=g}
   (You found it on level 10 of the Dungeon)

   Str:       It affects your strength (+2).
   Int:       It affects your intelligence (+3).
   rN:        It protects you from negative energy.
   Will:      It increases your willpower.
Armour
 u - a +0 helmet of intelligence (worn)
   (You took it off Robin on level 3 of the Dungeon)
 N - a +0 cloak of poison resistance (worn)
   (You found it on level 8 of the Dungeon)
 Q - a +1 pair of gloves (worn)
   (You found it on level 10 of the Dungeon)
 R - a +0 crystal plate armour (worn) {rare=g}
   (You found it on level 10 of the Dungeon)
Jewellery
 h - an amulet of regeneration {@e2}
   (You found it on level 1 of the Lair of Beasts)
 s - a ring of see invisible
   (You found it on level 9 of the Dungeon)
 w - a +6 ring of strength (left hand)
   (You took it off an orc on level 3 of the Dungeon)
 F - an amulet of reflection
   (You found it on level 6 of the Dungeon)
 G - a ring of poison resistance
   (You found it on level 6 of the Dungeon)
 I - a +4 ring of protection (right hand)
   (You found it on level 6 of the Dungeon)
Wands
 g - a wand of mindburst (18)
   (You found it on level 8 of the Dungeon)
 l - a wand of digging (2)
   (You found it on level 8 of the Dungeon)
 y - a wand of roots (1)
   (You took it off Eustachio on level 4 of the Dungeon)
 A - a wand of flame (8) (quivered)
   (You took it off Ijyb on level 4 of the Dungeon)
 C - a wand of polymorph (9)
   (You found it on level 5 of the Dungeon)
 K - a wand of charming (19)
   (You found it on level 7 of the Dungeon)
Scrolls
 b - 2 scrolls of blinking {unknown}
 d - 2 scrolls of enchant armour {unknown}
 i - a scroll of brand weapon {unknown}
 j - a scroll of summoning {unknown}
 n - 2 scrolls of poison {unknown}
 p - 3 scrolls of immolation {unknown}
 r - a scroll of fear {unknown}
 t - 5 scrolls of fog
 x - a scroll of vulnerability {unknown}
 z - a scroll of enchant weapon {unknown}
 B - a scroll of silence {unknown}
 M - 2 scrolls of teleportation {@r4}
 O - a scroll of amnesia {unknown}
Potions
 a - 3 potions of curing {@q1}
 c - 5 potions of cancellation
 e - 5 potions of flight
 f - 3 potions of mutation {!q}
 k - 2 potions of berserk rage {!q}
 m - 6 potions of heal wounds {@q2}
 o - a potion of resistance {unknown}
 q - a potion of magic
 v - 2 potions of might {unknown}
 D - 3 potions of haste {unknown}
 E - 4 potions of attraction {unknown}
 J - 2 potions of lignification {unknown}
 L - a potion of invisibility {unknown}
 P - 2 potions of brilliance {unknown}

Dungeon Overview and Level Annotations

Branches:
Dungeon (10/15) Zot: 25012  Temple (0/1) D:6            Lair (3/5) D:10 Zot: 15470
 Spider (0/4) Lair:2        Sewer (visited)           IceCv (1/1) Zot: 5715
  Swamp: Lair:2-3    Shoals: Lair:2-3       Orc: D:9-12

Altars:
Dithmenos
Hepliaklqana
Makhleb
Nemelex Xobeh
Qazlal
Ru
Sif Muna
Trog
Uskayaw
Vehumet
Xom
Yredelemnul
The Shining One

Shops:
D:1 [   D:2 !   D:4 =

Annotations:
D:9 1 runed translucent door

#####
##.Z.##
#..☼@.#
#..#..##
#.. #...##
#. ##...##
#. ##...##
#. ##...# #
##..##
######..#
##...###.##


You could see a harpy simulacrum.


Message History

Okay, then.
You sock the wolf simulacrum! Trog accepts your kill. 😕 HP[+1]
You start resting. 😎 HP[+7]
Your hp is fully restored (111).
The cane toad simulacrum hits you but does no damage.
You skewer the cane toad simulacrum like a kebab!!!
Trog accepts your kill.
You completely miss the elephant simulacrum.
You tail-slap the elephant simulacrum.
The elephant simulacrum closely misses you.
The elephant simulacrum trunk-slaps you but does no damage.
You hit the elephant simulacrum.
The elephant simulacrum tramples you but does no damage.
The elephant simulacrum trunk-slaps you but does no damage.
You stick the elephant simulacrum like a pincushion!!!
Trog accepts your kill.
No target in view!
An ice devil and a freezing wraith come into view.
There are monsters nearby!
You start waiting.
A freezing wraith is nearby!
You barely miss the freezing wraith.
You tail-slap the freezing wraith, but do no damage.
The freezing wraith hits you but does no damage.
The freezing wraith barely misses you.
You completely miss the freezing wraith.
You tail-slap the freezing wraith, but do no damage.
The freezing wraith hits you but does no damage. x4
You hit the freezing wraith.
Your tail-slap misses the freezing wraith.
The freezing wraith hits you but does no damage. x2
You hit the freezing wraith but do no damage.
Your tail-slap misses the freezing wraith.
The freezing wraith hits you but does no damage.
The freezing wraith barely misses you.
You skewer the freezing wraith like a kebab!!!
You destroy the freezing wraith!
Trog accepts your kill.
The ice devil hits you but does no damage.
You closely miss the ice devil.
You tail-slap the ice devil, but do no damage.
The ice devil hits you! The ice devil freezes you! 😕 HP[-25]
You take 25 damage, and now have 86/111 hp.
MASSIVE DAMAGE!! (PAUSE)
You hammer the ice devil like a gong!!!
You kill the ice devil!
Trog accepts your kill. 😕 HP[+1]
You start resting. 😎 HP[+24]
Your hp is fully restored (111).
Okay, then.
An anaconda simulacrum and a harpy simulacrum come into view.
There are monsters nearby!
You closely miss the anaconda simulacrum.
The anaconda simulacrum grabs you. The anaconda simulacrum bites you.
The anaconda simulacrum freezes you!! The anaconda simulacrum constricts you.
The harpy simulacrum claws you but does no damage.
The harpy simulacrum claws you. The harpy simulacrum freezes you!!
* * * LOW HITPOINT WARNING * * *
The anaconda simulacrum bites you.
* * * LOW HITPOINT WARNING * * *
The anaconda simulacrum freezes you!
* * * LOW HITPOINT WARNING * * *
The anaconda simulacrum constricts you.
You are too injured to fight recklessly! 😨 HP[-80]
You take 80 damage, and now have 31/111 hp.
MASSIVE DAMAGE!! (PAUSE)
Okay, then.
Okay, then.
A red film seems to cover your vision as you go berserk!
You feel yourself moving faster!
You feel mighty!
The harpy simulacrum claws you but does no damage.
The harpy simulacrum claws you.
* * * LOW HITPOINT WARNING * * *
The harpy simulacrum freezes you!
* * * LOW HITPOINT WARNING * * *
The anaconda simulacrum bites you but does no damage.
The anaconda simulacrum constricts you.
* * * LOW HITPOINT WARNING * * *
The harpy simulacrum claws you!
* * * LOW HITPOINT WARNING * * *
The harpy simulacrum freezes you!
* * * LOW HITPOINT WARNING * * *
The harpy simulacrum claws you but does no damage. 😱 HP[-20]
You now have 166 max hp (+55).
Unknown command.
You beat the anaconda simulacrum like a drum!!!
Trog accepts your kill. The harpy simulacrum claws you.
* * * LOW HITPOINT WARNING * * *
The harpy simulacrum freezes you!
You die...

Skill      XL: |  1  2  3  4  5  6  7  8  9 10 11 12 |
---------------+-------------------------------------+-----
Axes           | 3 4 5 6 8 9 10 12 | 12.7
Fighting       | 4 7 9 |  9.1
Armour         | 4 8 10 | 10.1
Maces & Flails | 3 9 |  9.7
Dodging        | |  1.3

Action                     |  1- 3 |  4- 6 |  7- 9 | 10-12 || total
---------------------------+-------+-------+-------+-------++-------
  Melee: Hand axe          |    80 |   187 |   146 |       ||   413
         Tailslap          |    10 |    20 |    48 |    73 ||   151
         Flail             |       |       |   125 |   311 ||   436
         Punch             |       |       |     1 |     4 ||     5
         Eveningstar       |       |       |       |   177 ||   177
 Invoke: Berserk           |     3 |     6 |     8 |    15 ||    32
         Brothers in Arms  |       |       |       |     1 ||     1
  Evoke: Wand              |       |       |     3 |     6 ||     9
    Use: Scroll            |       |       |     8 |     3 ||    11
         Potion            |       |       |     1 |       ||     1
 Armour: Animal skin       |    21 |       |       |       ||    21
         Ring mail         |    12 |    68 |       |       ||    80
         Leather armour    |       |       |    24 |       ||    24
         Scale mail        |       |       |   130 |   179 ||   309
         Crystal plate arm |       |       |       |   229 ||   229
  Dodge: Dodged            |    33 |    57 |   113 |   173 ||   376
  Block: Other             |       |       |     2 |       ||     2

Levels and vault maps discovered:
D:1:      lordsloth_arrival_two_stooges, layout_basic, serial_shops, shop
D:2:      layout_rooms, serial_shops, shop, eino_tiny_chamber, uniq_terence
D:3:      layout_basic, mainiacjoe_overflow_chevrons, portal_sewer_entry_d,
          uniq_robin
D:4:      layout_cave_pools, vehumet_crystals, serial_shops,
          nicolae_shop_window_shopping, uniq_eustachio, uniq_edmund, uniq_ijyb,
          uniq_pikel
D:5:      layout_gridville, serial_park_tiny_2
D:6:      minmay_cornered_nines, layout_loops_ring,
          mainiacjoe_overflow_alcove_4, mainiacjoe_overflow_six_doors_small,
          minmay_temple_entry_glassed_door
D:7:      layout_rooms, lemuel_round_altar, minmay_misc_feat_doors,
          moated_statue, minmay_puff, uniq_duvessa
D:8:      layout_loops_ring, gammafunk_temple_overflow_claw,
          minmay_misc_feat_encased, chequers_serial_rivers_micro_a,
          nicolae_hexahallways, abandoned_shop, uniq_psyche, uniq_joseph,
          uniq_maggie
D:9:      layout_basic, dk_yredelemnul_ordeal,
          mainiacjoe_overflow_surrounded_room, nicolae_dithmenos_shadow_blocks
D:10:     minmay_roctagon, layout_basic, general_overflow_altar,
          lemuel_tele_altar
Lair:1:   layout_misc_corridors, beast_lair_carwin_6, lemuel_fruit_tree
Lair:2:   kb_forest_paths, layout_regular_city,
          hellmonk_spider_entry_life_and_decay, st_stairs_8
Lair:3:   layout_concentric_octagons, minmay_shoals_entry_centaurs,
          serial_forest, infiniplex_forest_straight_2, infiniplex_forest_end_3,
          infiniplex_forest_clump_tiny, infiniplex_forest_straight_5,
          infiniplex_forest_lined_ring, infiniplex_forest_clump_double,
          portal_ice_cave_rime, grunt_megastairs_2
IceCv:    ice_cave_small_necro

Notes
Turn   | Place    | Note
-------+----------+-------------------------------------------
     0 | D:1      | MackTheKnife the Armataur Berserker began the quest for the
                  | Orb.
     0 | D:1      | Reached XP level 1. HP: 19/19 MP: 1/1
     0 | D:1      | magus.rc [v1.9.6]
   104 | D:1      | Found Unidgh's Antique Armour Emporium.
   169 | D:1      | Reached XP level 2. HP: 26/26 MP: 2/2
   174 | D:1      | Reached skill level 3 in Axes
   795 | D:2      | Reached XP level 3. HP: 32/32 MP: 3/3
   987 | D:2      | You pick up a book of Armaments {forbidden} and begin
                  | reading...
   987 | D:2      | You add the spells Stone Arrow, Animate Armour and
                  | Lehudib's Crystal Spear to your library.
  1045 | D:2      | Reached skill level 4 in Axes
  1046 | D:2      | Reached XP level 4. HP: 28/39 MP: 4/4
  1047 | D:2      | Reached ** piety under Trog
  1235 | D:2      | Found Lynoist's Distillery.
  1237 | D:2      | Noticed Terence
  1246 | D:2      | Killed Terence
  1338 | D:2      | Bought a potion of curing for 33 gold pieces
  1580 | D:3      | Found a glowing drain.
  1591 | Sewer    | Entered a sewer
  1593 | Sewer    | Noticed a kobold brigand
  1599 | Sewer    | Reached XP level 5. HP: 44/44 MP: 5/5
  1602 | Sewer    | Reached skill level 5 in Axes
  1770 | Sewer    | Reached XP level 6. HP: 38/53 MP: 6/6
  2439 | D:3      | Noticed Robin
  2449 | D:3      | Reached *** piety under Trog
  2450 | D:3      | Reached skill level 6 in Axes
  2454 | D:3      | Killed Robin
  2778 | D:3      | You pick up a book of Debilitation {forbidden} and begin
                  | reading...
  2778 | D:3      | You add the spells Slow, Vampiric Draining and Confusing
                  | Touch to your library.
  2891 | D:3      | Found a shimmering altar of Xom.
  3224 | D:4      | Noticed Edmund
  3236 | D:4      | Killed Edmund
  3237 | D:4      | Reached XP level 7. HP: 59/59 MP: 7/7
  3385 | D:4      | Reached skill level 7 in Axes
  3492 | D:4      | Found Edasem's Jewellery Emporium.
  3641 | D:4      | Noticed Ijyb
  3655 | D:4      | Killed Ijyb
  3745 | D:4      | Noticed Eustachio
  3822 | D:4      | Noticed Pikel
  3839 | D:4      | Killed Pikel
  3840 | D:4      | Reached skill level 8 in Axes
  3840 | D:4      | Reached XP level 8. HP: 66/66 MP: 8/8
  3907 | D:4      | You pick up a book of Burglary {forbidden} and begin
                  | reading...
  3907 | D:4      | You add the spells Passwall, Ensorcelled Hibernation and
                  | Swiftness to your library.
  3953 | D:4      | Found a radiant altar of Vehumet.
  3969 | D:4      | Killed Eustachio
  3970 | D:4      | Reached skill level 9 in Axes
  4174 | D:5      | Entered Level 5 of the Dungeon
  4283 | D:5      | Reached skill level 3 in Fighting
  4688 | D:5      | Reached skill level 3 in Armour
  4758 | D:5      | Reached skill level 4 in Fighting
  4848 | D:5      | Reached skill level 4 in Armour
  4969 | D:6      | Reached XP level 9. HP: 77/77 MP: 9/9
  5074 | D:6      | Reached skill level 5 in Armour
  5248 | D:6      | Noticed a troll
  5259 | D:6      | Killed a troll
  5260 | D:6      | Reached skill level 5 in Fighting
  5430 | D:6      | Reached **** piety under Trog
  5440 | D:6      | Found a staircase to the Ecumenical Temple.
  5462 | D:6      | Reached skill level 6 in Armour
  5633 | D:6      | Noticed a cyclops
  5638 | D:6      | Killed a cyclops
  5639 | D:6      | Reached skill level 6 in Fighting
  5639 | D:6      | Reached skill level 7 in Armour
  5940 | D:6      | Found a bloodstained altar of Trog.
  5959 | D:6      | You add the spells Tukima's Dance, Passage of Golubria and
                  | Yara's Violent Unravelling to your library.
  6207 | D:6      | Found a sparkling altar of Nemelex Xobeh.
  6284 | D:7      | Found a hazy altar of Hepliaklqana.
  6308 | D:7      | Reached skill level 8 in Armour
  6373 | D:7      | HP: 27/108 [wight/+2 hand axe of freezing (1)]
  6608 | D:7      | Noticed Dowan
  6608 | D:7      | Noticed Duvessa
  6756 | D:7      | Reached skill level 7 in Fighting
  6756 | D:7      | Reached XP level 10. HP: 85/87 MP: 10/10
  6901 | D:7      | Killed Duvessa
  6907 | D:7      | Killed Dowan
  7006 | D:7      | Reached skill level 9 in Armour
  7256 | D:7      | You pick up a book of Changes {forbidden} and begin
                  | reading...
  7256 | D:7      | You add the spells Beastly Appendage, Wereblood and Spider
                  | Form to your library.
  7691 | D:8      | Found a hide-covered altar of Uskayaw.
  7691 | D:8      | Found a burning altar of Makhleb.
  7691 | D:8      | Found a glowing golden altar of the Shining One.
  7742 | D:8      | Noticed Psyche
  7752 | D:8      | Killed Psyche
  7756 | D:8      | Noticed a two-headed ogre
  7763 | D:8      | Killed a two-headed ogre
  7764 | D:8      | Reached skill level 8 in Fighting
  7764 | D:8      | Reached skill level 10 in Armour
  8132 | D:8      | Noticed Maggie
  8143 | D:8      | Killed Maggie
  8226 | D:8      | Noticed Joseph
  8235 | D:8      | Killed Joseph
  8477 | D:9      | Found a runed translucent door.
  8484 | D:9      | Found a basalt altar of Yredelemnul.
  8531 | D:9      | Found a stormy altar of Qazlal.
  8555 | D:9      | Noticed a two-headed ogre
  8571 | D:9      | Killed a two-headed ogre
  8572 | D:9      | Reached skill level 9 in Fighting
  8843 | D:9      | Reached skill level 10 in Axes
  9258 | D:9      | Found a shadowy altar of Dithmenos.
  9289 | D:9      | Reached XP level 11. HP: 103/103 MP: 11/11
  9433 | D:10     | Entered Level 10 of the Dungeon
  9725 | D:10     | Reached skill level 11 in Axes
 10075 | D:10     | Noticed a two-headed ogre
 10089 | D:10     | Killed a two-headed ogre
 10089 | D:10     | Noticed a two-headed ogre
 10262 | D:10     | Killed a two-headed ogre
 10422 | D:10     | Found a sacrificial altar of Ru.
 10423 | D:10     | Noticed a stone giant
 10497 | D:10     | Killed a stone giant
 10498 | D:10     | Reached skill level 12 in Axes
 10593 | D:10     | Found a staircase to the Lair.
 10631 | D:10     | Found a shimmering blue altar of Sif Muna.
 10677 | D:10     | Noticed a boulder beetle
 10689 | D:10     | Killed a boulder beetle
 10743 | D:10     | Identified a +0 crystal plate armour
 10744 | D:10     | R - a +0 crystal plate armour {rare=g}
 10997 | D:10     | Got the +10 eveningstar "Naituset" {heavy, rN+ Will+ Str+2
                  | Int+3, macerare=g}
 10997 | D:10     | S - the +10 eveningstar "Naituset" {heavy, rN+ Will+ Str+2
                  | Int+3, macerare=g}
 10998 | D:10     | S - the +10 eveningstar "Naituset" (weapon) {heavy, rN+
                  | Will+ Str+2 Int+3, macerare=g}
 11009 | D:10     | You finish putting on your +0 crystal plate armour
                  | {rare=g}.
 11019 | D:10     | You pick up a book of Iron {forbidden} and begin reading...
 11019 | D:10     | You add the spells Blade Hands and Iron Shot to your
                  | library.
 11198 | Lair:1   | Entered Level 1 of the Lair of Beasts
 11206 | Lair:1   | Your damage rating with the +10 eveningstar "Naituset"
                  | {heavy, rN+ Will+ Str+2 Int+3, macerare=g} is about 65
                  | (Base [15 + 12 (Hvy)] x 152% (Str) x 134% (Skill) + 10
                  | (Ench)).
 11213 | Lair:1   | Reached skill level 1 in Maces & Flails
 11217 | Lair:1   | Reached skill level 2 in Maces & Flails
 11478 | Lair:1   | Reached skill level 3 in Maces & Flails
 11824 | Lair:1   | Reached XP level 12. HP: 111/111 MP: 12/12
 12056 | Lair:2   | Reached skill level 4 in Maces & Flails
 12221 | Lair:2   | Noticed a seven-headed hydra
 12256 | Lair:2   | Killed a seven-headed hydra
 12257 | Lair:2   | Reached skill level 5 in Maces & Flails
 12524 | Lair:2   | Reached skill level 6 in Maces & Flails
 12776 | Lair:2   | Reached skill level 7 in Maces & Flails
 13063 | Lair:2   | Found a hole to the Spider Nest.
 13077 | Lair:2   | Reached skill level 8 in Maces & Flails
 13718 | Lair:3   | Reached skill level 9 in Maces & Flails
 13746 | Lair:3   | Found a frozen archway.
 13804 | IceCv    | Entered an ice cave
 13811 | IceCv    | Reached ***** piety under Trog
 14079 | IceCv    | HP: 33/166 [harpy simulacrum (11)]
 14079 | IceCv    | HP: 11/166 [harpy simulacrum (12)]
 14080 | IceCv    | Mangled by a harpy simulacrum

Vanquished Creatures
  A hydra (Lair:2)
  A boulder beetle (D:10)
  4 two-headed ogres
  Pikel (D:4)
  A cyclops (D:6)
  Joseph (D:8)
  A torpor snail (Lair:1)
  A gargoyle (D:10)
  4 cane toads
  Psyche (D:8)
  3 rime drakes
  Maggie (D:8)
  A kobold demonologist (D:9)
  A freezing wraith (IceCv)
  2 komodo dragons
  An anaconda simulacrum (IceCv)
  An ice devil (IceCv)
  A polar bear (Lair:3)
  2 trolls
  5 blink frogs (Lair:2)
  A shadow (D:6)
  5 culicivoras (Lair:2)
  7 spriggans (Lair:2)
  5 wyverns
  20 yaks
  Eustachio (D:4)
  4 basilisks
  A steam dragon (D:9)
  2 vampire mosquitoes (D:10)
  A death yak simulacrum (IceCv)
  Edmund (D:4)
  An acid dragon (D:9)
  7 water moccasins
  Duvessa (D:7)
  2 ice beasts (D:7)
  3 black bears
  4 orc warriors
  4 centaurs
  8 wolves
  An ogre (D:6)
  3 phantoms (D:5)
  11 bullfrogs
  7 kobold brigands
  2 cane toad simulacra (IceCv)
  2 scorpions
  11 wights
  Dowan (D:7)
  An elephant simulacrum (IceCv)
  3 killer bees (D:9)
  A howler monkey (D:8)
  A jelly (D:8)
  A gnoll bouda (D:7)
  4 hounds
  5 orc priests
  Terence (D:2)
  Ijyb (D:4)
  5 iguanas
  7 orc wizards
  3 spriggan simulacra (IceCv)
  3 polar bear simulacra (IceCv)
  2 wolf simulacra (IceCv)
  Robin (D:3)
  7 adders
  10 gnolls
  A naga simulacrum (IceCv)
  A river rat (Sewer)
  2 white imps
  2 ufetubi
  5 worms
  A dart slug (D:1)
  32 orcs
  3 bats
  8 endoplasms
  3 giant cockroaches
  13 goblins
  11 hobgoblins
  12 kobolds
  5 quokkas
  10 ball pythons
  3 frilled lizards (D:3)
  A jackal skeleton (D:9)
  13 rats
332 creatures vanquished.

Vanquished Creatures (collateral kills)
  A stone giant (D:10)
1 creature vanquished.

Grand Total: 333 creatures vanquished

Table legend:
 A = Non-vault XP
 B = Vault XP
 C = Vault XP percentage of total XP
 D = Non-vault monster count
 E = Vault monster count
 F = Vault count percentage of total count
                 A         B        C        D         E       F
            +---------+---------+-------+---------+---------+-------
      Total |   19074 |   16184 |  45.9 |     223 |     110 |  33.0
            +---------+---------+-------+---------+---------+-------
        D:1 |      31 |       0 |   0.0 |      19 |       0 |   0.0
        D:2 |     110 |      38 |  25.7 |      22 |       1 |   4.3
        D:3 |     117 |      52 |  30.8 |      18 |      14 |  43.8
        D:4 |     285 |     988 |  77.6 |      23 |       4 |  14.8
        D:5 |     871 |       0 |   0.0 |      16 |       0 |   0.0
        D:6 |    1214 |     939 |  43.6 |      16 |       3 |  15.8
        D:7 |    1167 |     745 |  39.0 |      23 |       7 |  23.3
        D:8 |    1177 |    1201 |  50.5 |       9 |       3 |  25.0
        D:9 |    2861 |       1 |   0.0 |      22 |       1 |   4.3
       D:10 |    3527 |    4335 |  55.1 |      22 |       7 |  24.1
     Lair:1 |    1881 |     574 |  23.4 |       8 |       6 |  42.9
     Lair:2 |    4789 |    4643 |  49.2 |      22 |      21 |  48.8
     Lair:3 |    1044 |     736 |  41.3 |       3 |       2 |  40.0
      Sewer |       0 |     273 | 100.0 |       0 |      24 | 100.0
      IceCv |       0 |    1659 | 100.0 |       0 |      17 | 100.0
            +---------+---------+-------+---------+---------+-------

Skill      XL: |  1  2  3  4  5  6  7  8  9 10 11 12 |
---------------+-------------------------------------+-----
Axes           | 3 4 5 6 8 9 10 12 | 12.7
Fighting       | 4 7 9 |  9.1
Armour         | 4 8 10 | 10.1
Maces & Flails | 3 9 |  9.7
Dodging        | |  1.3

Action                     |  1- 3 |  4- 6 |  7- 9 | 10-12 || total
---------------------------+-------+-------+-------+-------++-------
  Melee: Hand axe          |    80 |   187 |   146 |       ||   413
         Tailslap          |    10 |    20 |    48 |    73 ||   151
         Flail             |       |       |   125 |   311 ||   436
         Punch             |       |       |     1 |     4 ||     5
         Eveningstar       |       |       |       |   177 ||   177
 Invoke: Berserk           |     3 |     6 |     8 |    15 ||    32
         Brothers in Arms  |       |       |       |     1 ||     1
  Evoke: Wand              |       |       |     3 |     6 ||     9
    Use: Scroll            |       |       |     8 |     3 ||    11
         Potion            |       |       |     1 |       ||     1
 Armour: Animal skin       |    21 |       |       |       ||    21
         Ring mail         |    12 |    68 |       |       ||    80
         Leather armour    |       |       |    24 |       ||    24
         Scale mail        |       |       |   130 |   179 ||   309
         Crystal plate arm |       |       |       |   229 ||   229
  Dodge: Dodged            |    33 |    57 |   113 |   173 ||   376
  Block: Other             |       |       |     2 |       ||     2

Illustrated notes

Table legend:
 A = Kills in this place as a percentage of kills in the entire game.
 B = Kills by you in this place as a percentage of kills by you in the entire game.
 C = Kills by friends in this place as a percentage of kills by friends in the entire game.
 D = Other kills in this place as a percentage of other kills in the entire game.
 E = Experience gained in this place as a percentage of experience gained in the entire game.
 F = Experience gained in this place divided by the number of levels of this place that you have seen.
                   A       B       C       D       E      F
               +-------+-------+-------+-------+-------+----------------------
         Total | 100.0 | 100.0 | 100.0 |   N/A | 100.0 | 2350.5
       Dungeon |  69.1 |  69.0 | 100.0 |   N/A |  55.8 | 1965.9
          Lair |  18.6 |  18.7 |   0.0 |   N/A |  38.8 | 4555.7
         Sewer |   7.2 |   7.2 |   0.0 |   N/A |   0.8 | 273.0
      Ice Cave |   5.1 |   5.1 |   0.0 |   N/A |   4.7 | 1659.0
               +-------+-------+-------+-------+-------+----------------------

Table legend: (Time is in decaauts)
 A = Elapsed time spent in this place.
 B = Non-inter-level travel time spent in this place.
 C = Inter-level travel time spent in this place.
 D = Time resting spent in this place.
 E = Time spent auto-exploring this place.
 F = Levels seen in this place.
 G = Mean time per level.
                   A        B        C        D        E       F      G
               +--------+--------+--------+--------+--------+-----+--------+
         Total |  14430 |  13972 |    458 |   2898 |   8676 |  15 |  962.0 |
       Dungeon |  10831 |  10413 |    418 |   1969 |   6759 |  10 | 1083.1 |
          Lair |   2529 |   2489 |     40 |    447 |   1616 |   3 |  843.0 |
         Sewer |    785 |    785 |      0 |    313 |    261 |   1 |  785.0 |
      Ice Cave |    283 |    283 |      0 |    168 |     39 |   1 |  283.0 |
               +--------+--------+--------+--------+--------+-----+--------+

Top non-repeatable levels by time:
    D:10: 1744 daAuts
     D:6: 1547 daAuts
  Lair:2: 1390 daAuts
     D:9: 1229 daAuts
     D:8: 1020 daAuts
     D:7: 1017 daAuts
     D:3: 965 daAuts
     D:4: 930 daAuts
  Lair:1: 834 daAuts
     D:2: 833 daAuts
     D:5: 788 daAuts
   Sewer: 785 daAuts
     D:1: 755 daAuts
  Lair:3: 304 daAuts
   IceCv: 283 daAuts
